 Dungeon Crawl Stone Soup version 0.29.1-2-gbd0b4ee654 (webtiles) character file.

Game seed: 300123642925838192

5 styxcanada the Sneak (level 1, 0/10 HPs)
             Began as a Spriggan Brigand on Nov 12, 2022.
             Slain by a quokka (4 damage)
             ... on level 1 of the Dungeon.
             The game lasted 00:00:56 (276 turns).

styxcanada the Sneak (Spriggan Brigand)              Turns: 276, Time: 00:00:57

Health: 0/10       AC:  3    Str:  7    XL:     1   Next: 66%
Magic:  2/2        EV: 16    Int: 12    God:
Gold:   22         SH:  0    Dex: 16    Spells: 0/0 levels left

rFire   . . .      SeeInvis +   a - +2 dagger
rCold   . . .      Faith    .   (no shield)
rNeg    . . .      Spirit   .   b - +0 robe
rPois   .          Reflect  .   (helmet restricted)
rElec   .          Harm     .   c - +0 cloak
rCorr   .          Rampage  .   (gloves unavailable)
Will    .....                   (boots unavailable)
Stlth   +++.......              (no amulet)
HPRegen 0.03/turn               (no ring)
MPRegen 0.08/turn               (no ring)

@: studying Polearms, very quick
A: very small, no large weapons, unfitting armour, see invisible, speed 3
a: no special abilities


You were on level 1 of the Dungeon.
You visited 1 branch of the dungeon, and saw 1 of its levels.

You collected 22 gold pieces.

Inventory:

Hand Weapons
 a - a +2 dagger (weapon)
Missiles
 d - 9 poisoned darts (quivered)
 e - 3 curare-tipped darts
 f - 10 stones
 g - 3 boomerangs
Armour
 b - a +0 robe (worn)
 c - a +0 cloak (worn)


   Skills:
 * Level 1.5 Fighting
 + Level 2.1 Short Blades
 + Level 2.0 Throwing
 * Level 1.7 Dodging
 * Level 6.2 Stealth


You couldn't memorise any spells.
You didn't know any spells.
Your spell library was empty.

Dungeon Overview and Level Annotations

Branches:
Dungeon (1/15)

Altars:


Innate Abilities, Weirdness & Mutations

You are very small and have problems with some larger weapons.
You are too small for most types of armour.
You have supernaturally acute eyesight. (SInv)
You cover ground extremely quickly. (Speed+++)


Message History

As you open the door, it creaks loudly!
Found 10 gold pieces and 4 stones.
There is an open door here.
You now have 22 gold pieces (gained 10).
f - 10 stones (gained 4) As you open the door, it creaks loudly!
There is an open door here.
Found a manual of Polearms.
You pick up a manual of Polearms and begin studying.
A jackal comes into view.
A quokka comes into view.
A jackal comes into view.
The helpless jackal fails to defend itself.
You impale the jackal!!
You kill the jackal!
The quokka misses you.
The jackal barks!
The jackal barely misses you.
You hit the jackal but do no damage. The jackal closely misses you.
You barely miss the jackal. The quokka bites you. The jackal bites you.
The quokka completely misses you.
You hit the jackal.
The jackal is moderately wounded.
The jackal misses you. The jackal bites you. The quokka closely misses you.
You hit the jackal but do no damage.
The jackal is moderately wounded.
The jackal bites you. The quokka closely misses you.
You barely miss the jackal.
The jackal is moderately wounded.
The jackal closely misses you. The quokka barely misses you.
You hit the jackal but do no damage.
The jackal is moderately wounded.
The jackal bites you. The quokka closely misses you.
You hit the jackal.
The jackal is severely wounded.
The jackal misses you. The quokka misses you.
You hit the jackal.
You kill the jackal!
The quokka bites you.
You die...

### ..####
#..... #†.#.# #
#.###@##.# .#
#...r.##.## #.#
#####.....###.#
#..#.#...#
#.#.###.##
...### #.#
##### #.# #.#
#.#


You could see a quokka.

Vanquished Creatures
  A giant cockroach (D:1)
  2 jackals (D:1)
  A kobold (D:1)
  A quokka (D:1)
5 creatures vanquished.

Notes
Turn   | Place    | Note
-------+----------+-------------------------------------------
     0 | D:1      | styxcanada the Spriggan Brigand began the quest for the
                  | Orb.
     0 | D:1      | Reached XP level 1. HP: 10/10 MP: 2/2
    55 | D:1      | Reached skill level 6 in Stealth
   276 | D:1      | Slain by a quokka

Illustrated notes

Levels and vault maps discovered:
D:1:      dpeg_arrival_three_same_balls, layout_loops_corners, serial_shops,
          nicolae_shop_behind_doors, shapermc_ecumenical_altar_totnotflames

Skill      XL: |  1 |
---------------+----+-----
Stealth        | 6 |  6.2
Fighting       | |  1.5
Short Blades   | |  2.1
Throwing       | |  2.0
Dodging        | |  1.7

Action                   || total
-------------------------++-------
Melee: Dagger            ||    21
 Stab: Sleeping          ||     2
Dodge: Dodged            ||    22
